 Dungeon Crawl Stone Soup version 0.28-a0-1406-ga8dd43b1d0 (webtiles) character file.

Game seed: 8884790375558892696

1125 MacCMillion the Frost Mage (level 8, -1/64 HPs)
             Began as a Merfolk Ice Elementalist on Jan 6, 2022.
             Killed from afar by an electric eel (9 damage)
             ... with a bolt of electricity
             ... on level 6 of the Dungeon.
             The game lasted 00:18:22 (9683 turns).

MacCMillion the Frost Mage (MfIE)                   Turns: 9683, Time: 00:18:22

Health: -1/64      AC:  2    Str:  9    XL:     8   Next: 35%
Magic:  11/11      EV: 17    Int: 16    God:
Gold:   179        SH:  0    Dex: 14    Spells: 4/11 levels left

rFire   . . .      SeeInvis .   A - +1 dagger (drain)
rCold   . . .      Faith    .   (no shield)
rNeg    . . .      Spirit   .   a - +0 robe
rPois   .          Reflect  .   (no helmet)
rElec   .          Harm     .   b - scarf {repulsion}
rCorr   .          Rampage  .   (no gloves)
Will    .....                   (boots currently unavailable)
Stlth   ++........              (no amulet)
HPRegen 0.20/turn               (no ring)
MPRegen 0.12/turn               (no ring)

@: silenced, repel missiles, very quick
A: nimble swimmer 2, mertail
a: no special abilities


You were on level 6 of the Dungeon.
You visited 1 branch of the dungeon, and saw 6 of its levels.

You collected 179 gold pieces.

Inventory:

Hand Weapons
 f - a +0 dagger
 A - a +1 dagger of draining (weapon)
Missiles
 g - 19 poisoned darts
 h - 4 curare-tipped darts
 C - 7 boomerangs
Armour
 a - a +0 robe (worn)
 b - a scarf of repulsion (worn)
 e - a +0 pair of boots (melded)
 w - a +2 cloak
Wands
 d - a wand of paralysis (12)
 q - a wand of flame (20)
Scrolls
 c - a scroll of silence
 i - a scroll of torment {unknown}
 k - a scroll of noise {unknown}
 m - a scroll of immolation {unknown}
 n - 2 scrolls of fear {unknown}
 o - a scroll of fog {unknown}
 s - a scroll of teleportation {unknown}
 x - a scroll of magic mapping {unknown}
 y - a scroll of blinking {unknown}
 B - a scroll of vulnerability {unknown}
 D - a scroll of enchant weapon {unknown}
Potions
 j - 2 potions of haste
 l - 3 potions of curing
 p - a potion of invisibility
 r - a potion of lignification
 t - a potion of magic {unknown}
 u - 3 potions of cancellation
 v - a potion of might {unknown}
 z - a potion of heal wounds {unknown}


   Skills:
 + Level 6.0 Fighting
 + Level 5.1 Dodging
 - Level 2.1 Stealth
 - Level 2.0 Spellcasting
 * Level 8.8 Ice Magic


You had 4 spell levels left.
You knew the following spells:

 Your Spells              Type           Power      Damage    Failure   Level
a - Freeze                Ice            100%       1d11      1%          1
b - Frozen Ramparts       Ice            58%        1d7       1%          3
c - Ozocubu's Armour      Ice            29%        N/A       1%          3

Your spell library contained the following spells:

 Spells                   Type           Power      Damage    Failure   Level
 Animate Skeleton         Necr           2%         N/A       21%         1
 Apportation              Tloc           2%         N/A       21%         1
 Pain                     Necr           4%         1d4       21%         1
 Slow                     Hex            4%         N/A       21%         1
 Summon Small Mammal      Summ           4%         N/A       21%         1
 Hailstorm                Conj/Ice       15%        3d5       32%         4
 Confusing Touch          Hex            1%         N/A       52%         3
 Vampiric Draining        Necr           1%         2d6       52%         3
 Olgreb's Toxic Radiance  Pois           1%         N/A       90%         4
 Ozocubu's Refrigeration  Ice            14%        4d7       99%         7
 Ignition                 Fire           0%         3d3       100%        8


Dungeon Overview and Level Annotations

Branches:
Dungeon (6/15)
 Temple: D:4-7

Altars:

Shops:
D:4 *

Annotations:
D:2 Sigmund
D:5 Grinder


Innate Abilities, Weirdness & Mutations

You are very nimble when in or above water. (Stealth+, EV+, Speed+++)
Your lower body shifts to a powerful aquatic tail in water.


Message History

A nearby plant withers and dies.
The killer bee zombie closely misses you.
The electric eel shoots out a bolt of lightning at you!
The bolt of electricity hits the white imp!
The white imp dies!
The bolt of electricity is repelled.
The killer bee zombie hits you.
Unknown command.
The killer bee zombie completely misses you.
The killer bee zombie completely misses you.
The electric eel shoots out a bolt of lightning at you!
The bolt of electricity hits you.
The bolt of electricity hits the plant!
The plant begins to die.
The killer bee zombie hits you.
The killer bee zombie barely misses you.
The electric eel shoots out a bolt of lightning at you!
The bolt of electricity hits you!
You see here a +0 robe.
The electric eel shoots out a bolt of lightning at you!
The bolt of electricity hits you!
The killer bee zombie closely misses you.
You see here 9 gold pieces.
As you read the scroll labelled KUKUSE QOQA, it crumbles to dust.
A profound silence engulfs you.
It was a scroll of silence.
The killer bee zombie closely misses you.
The electric eel shoots out a bolt of lightning at you!
The bolt of electricity hits you!
* * * LOW HITPOINT WARNING * * *
Unknown command.
The killer bee zombie hits you.
* * * LOW HITPOINT WARNING * * *
The killer bee zombie hits you!
* * * LOW HITPOINT WARNING * * *
Unknown command.
Your legs become a tail as you enter the water.
Your +0 pair of boots melds into your body.
Unknown command.
Unknown command.
The electric eel shoots out a bolt of lightning at you!
The bolt of electricity hits you!
You die...

##.###.####.#
.#...#...#...#
.............#
..............#
.......[.....(...#
.............)(..# .
#.. #...#...#...# ≈.
##.###.###.####.#
≈≈.#≈≈≈#≈≈≈#≈@≈#.#.#
#≈S≈≈≈≈.≈≈≈.≈Z≈..#.#
#≈.≈S≈≈≈≈≈≈≈≈≈#.#
#.≈≈≈≈≈≈≈≈≈≈#.#
##....$....##.#
#.#...#.[.#.##.#
#.....#..##.#.#
##.#....#.###.#
###P#..#P.##.#


You could see an electric eel and a killer bee zombie.

Vanquished Creatures
  An orc warrior (D:4)
  A necrophage (D:3)
  A centaur (D:4)
  An ogre (D:5)
  2 scorpions (D:5)
  A bullfrog (D:4)
  A centaur zombie (D:6)
  A bullfrog zombie (D:5)
  A hound (D:3)
  A centaur skeleton (D:5)
  2 orc priests
  2 bullfrog skeletons
  3 iguanas
  4 orc wizards
  8 adders
  A shadow imp (D:5)
  An ufetubus (D:5)
  An adder skeleton (D:4)
  3 worms
  2 dart slugs (D:1)
  19 orcs
  6 endoplasms
  6 giant cockroaches
  3 goblins
  3 hobgoblins
  6 kobolds
  5 quokkas
  4 ball pythons
  5 bats
  3 frilled lizards
  4 rats
102 creatures vanquished.

Vanquished Creatures (others)
  A white imp (D:6)
  2 plants (D:6)
3 creatures vanquished.

Grand Total: 105 creatures vanquished

Notes
Turn   | Place    | Note
-------+----------+-------------------------------------------
     0 | D:1      | MacCMillion the Merfolk Ice Elementalist began the quest
                  | for the Orb.
     0 | D:1      | Reached XP level 1. HP: 13/13 MP: 3/3
   386 | D:1      | Reached XP level 2. HP: 19/19 MP: 1/5
   402 | D:1      | Reached skill level 5 in Ice Magic
  1018 | D:1      | Found a faded altar of an unknown god.
  1143 | D:1      | Reached XP level 3. HP: 23/24 MP: 6/6
  1147 | D:1      | Learned a level 3 spell: Frozen Ramparts
  2530 | D:2      | You fall into a shaft and drop 2 floors!
  2530 | D:4      | Noticed a centaur
  2536 | D:4      | Killed a centaur
  2537 | D:4      | Reached skill level 6 in Ice Magic
  2537 | D:4      | Reached XP level 4. HP: 4/30 MP: 2/7
  2537 | D:4      | Reached XP level 5. HP: 5/35 MP: 2/8
  3078 | D:2      | Noticed Sigmund
  3214 | D:2      | Learned a level 3 spell: Ozocubu's Armour
  3223 | D:2      | Reached skill level 7 in Ice Magic
  3514 | D:3      | Reached skill level 1 in Fighting
  4060 | D:3      | Reached XP level 6. HP: 47/47 MP: 6/9
  5237 | D:4      | Noticed a necrophage
  6378 | D:4      | Found Temeociwk's Fire Supplies.
  6499 | D:4      | Reached XP level 7. HP: 54/55 MP: 4/10
  6611 | D:5      | Entered Level 5 of the Dungeon
  6628 | D:4      | Reached skill level 5 in Fighting
  7594 | D:5      | Noticed Grinder
  7944 | D:5      | Reached skill level 8 in Ice Magic
  8427 | D:5      | Reached XP level 8. HP: 62/63 MP: 11/11
  8845 | D:5      | Reached skill level 5 in Dodging
  9683 | D:6      | Killed from afar by an electric eel

Illustrated notes

Levels and vault maps discovered:
D:1:      dpeg_chamrin_arrival_tetris, layout_basic,
          shapermc_ecumenical_altar_mp_vishouse
D:2:      layout_basic, uniq_sigmund
D:3:      layout_loops_cross, uniq_crazy_yiuf_cottage
D:4:      layout_cave_pools, nicolae_shop_fire_sale [nicolae_sub_dead_trees]
D:5:      layout_loops_ring, kennysheep_small_square, uniq_grinder
D:6:      wad_lake_hut, layout_basic, vehumet_altar_wand_db, fedhas_altar_2,
          minmay_mini_ossuary, uniq_duvessa

Skill      XL: |  1  2  3  4  5  6  7  8 |
---------------+-------------------------+-----
Ice Magic      | 5 6 7 8 |  8.8
Fighting       | 3 4 5 6 |  6.0
Dodging        | 3 4 5 |  5.1
Stealth        | |  2.1
Spellcasting   | |  2.0

Action                   |  1- 3 |  4- 6 |  7- 9 || total
-------------------------+-------+-------+-------++-------
Melee: Unarmed           |     6 |       |       ||     6
       Dagger            |   117 |   102 |   191 ||   410
       Club              |    22 |       |       ||    22
       Punch             |     2 |     1 |     6 ||     9
 Cast: Freeze            |    23 |    46 |    13 ||    82
       Frozen Ramparts   |       |     9 |     2 ||    11
       Ozocubu's Armour  |       |       |     3 ||     3
  Use: Scroll            |       |       |     5 ||     5
 Stab: Sleeping          |       |     4 |     2 ||     6
Armor: Robe              |    48 |    29 |    69 ||   146
Dodge: Dodged            |   130 |   111 |   171 ||   412
       Repelled          |     1 |       |     2 ||     3

Table legend: (Time is in decaauts)
 A = Elapsed time spent in this place.
 B = Non-inter-level travel time spent in this place.
 C = Inter-level travel time spent in this place.
 D = Time resting spent in this place.
 E = Time spent auto-exploring this place.
 F = Levels seen in this place.
 G = Mean time per level.
                   A        B        C        D        E       F      G
               +--------+--------+--------+--------+--------+-----+--------+
         Total |   9700 |   9244 |    456 |   3194 |   4506 |   6 | 1616.7 |
       Dungeon |   9700 |   9244 |    456 |   3194 |   4506 |   6 | 1616.7 |
               +--------+--------+--------+--------+--------+-----+--------+

Top non-repeatable levels by time:
     D:3: 2500 daAuts
     D:5: 2052 daAuts
     D:4: 2011 daAuts
     D:1: 1781 daAuts
     D:2: 1176 daAuts
     D:6: 178 daAuts
